 Dungeon Crawl Stone Soup version 0.28.0-45-g0d030f2227 (webtiles) character file.

Game seed: 12878212687273195903

126 101zpm the Magician (level 5, -2/35 HPs)
             Began as a Djinni Hedge Wizard on Apr 20, 2022.
             Slain by a hound (5 damage)
             ... on level 4 of the Dungeon.
             The game lasted 00:05:32 (3653 turns).

101zpm the Magician (Djinni Hedge Wizard)           Turns: 3653, Time: 00:05:33

Health: -2/35      AC:  3    Str:  9    XL:     5   Next: 31%
Gold:   139        EV: 12    Int: 17    God:
                   SH:  0    Dex: 13

rFire   + + .      SeeInvis .   a - +0 dagger
rCold   x . .      Faith    .   (no shield)
rNeg    . . .      Spirit   .   b - +0 robe
rPois   ∞          Reflect  .   h - +0 helmet
rElec   .          Harm     .   (no cloak)
rCorr   .          Rampage  .   (no gloves)
Will    .....                   (boots unavailable)
Stlth   ++........              (no amulet)
HPRegen 0.11/turn               (no ring)
MPRegen 0.00/turn               (no ring)

@: flying
A: sickness immunity, fire resistance 2, cold vulnerability 1, float, innate
caster, HP casting, extra vitality 1
a: no special abilities


You were on level 4 of the Dungeon.
You visited 1 branch of the dungeon, and saw 4 of its levels.

You collected 139 gold pieces.

Inventory:

Hand Weapons
 a - a +0 dagger (weapon)
Missiles
 d - 140 stones
Armour
 b - a +0 robe (worn)
 c - a +0 hat
 h - a +0 helmet (worn)
Jewellery
 j - a ring of protection from fire
Wands
 l - a wand of iceblast (1)
Scrolls
 e - a scroll of vulnerability {unknown}
 m - a scroll of fear {unknown}
 n - a scroll of noise {unknown}
Potions
 f - a potion of haste {unknown}
 g - 2 potions of mutation {unknown}
 i - a potion of experience {unknown}
 k - a potion of resistance {unknown}


   Skills:
 + Level 2.3 Dodging
 + Level 2.1 Stealth
 + Level 4.1 Spellcasting


You couldn't memorise any spells.
You knew the following spells:

 Your Spells              Type           Power      Damage    Failure   Level
a - Magic Dart            Conj           68%        1d6       2%          1
b - Blink                 Tloc           34%        N/A       4%          2
c - Call Imp              Summ           17%        N/A       4%          2
d - Slow                  Hex            68%        N/A       2%          1
e - Conjure Flame         Conj/Fire      17%        6-21      9%          3
f - Mephitic Cloud        Conj/Pois/Air  17%        N/A       9%          3
g - Animate Skeleton      Necr           34%        N/A       2%          1
h - Searing Ray           Conj           34%        2d5       4%          2
Your spell library was empty.

Dungeon Overview and Level Annotations

Branches:
Dungeon (4/15)             Temple (0/1) D:4

Altars:
Ashenzari

Annotations:
D:3 2 runed translucent doors


Innate Abilities, Weirdness & Mutations

You are immune to sickness and miasma.
You are immune to poison.
Your flesh is very heat resistant. (rF++)
You are vulnerable to cold. (rC-)
You float through the air rather than walking.
You learn spells naturally, not from books.
Your magical power is your life essence.
You have superior vitality. (+4 MHP)


Message History

The magic dart hits the gnoll.
The gnoll is severely wounded.
The gnoll hits you with a +0 flail.
Aiming: Magic Dart (safe; 3% risk of failure)
Press: ? - help, Q - select action, (/) - cycle Shift-Dir - straight line, f/p - gnoll
Aim: a gnoll, wielding a +0 flail (severely wounded, 100% to hit)
The magic dart hits the gnoll but does no damage.
The gnoll is severely wounded.
The gnoll hits you with a +0 flail.
* * * LOW HITPOINT WARNING * * *
Aiming: Magic Dart (safe; 3% risk of failure)
Press: ? - help, Q - select action, (/) - cycle Shift-Dir - straight line, f/p - gnoll
Aim: a gnoll, wielding a +0 flail (severely wounded, 100% to hit)
The magic dart hits the gnoll.
The gnoll is almost dead.
* * * LOW HITPOINT WARNING * * *
The gnoll completely misses you.
Aiming: Magic Dart (safe; 3% risk of failure)
Press: ? - help, Q - select action, (/) - cycle Shift-Dir - straight line, f/p - gnoll
Aim: a gnoll, wielding a +0 flail (almost dead, 100% to hit)
The magic dart hits the gnoll.
You kill the gnoll!
* * * LOW HITPOINT WARNING * * *
Aiming: Magic Dart (safe; 2% risk of failure)
Press: ? - help, Q - select action, (/) - cycle Shift-Dir - straight line, f - hound
Aim: a hound (100% to hit)
The magic dart hits the hound.
The hound is lightly wounded.
* * * LOW HITPOINT WARNING * * *
The hound misses you. The hound bites you.
* * * LOW HITPOINT WARNING * * *
Aiming: Magic Dart (safe; 2% risk of failure)
Press: ? - help, Q - select action, (/) - cycle Shift-Dir - straight line, f/p - hound
Aim: a hound (lightly wounded, 100% to hit)
The magic dart hits the hound.
The hound is heavily wounded.
* * * LOW HITPOINT WARNING * * *
The hound closely misses you. The hound bites you.
You die...

##### #.# #... ..
###.####.#####
#............#
##.#####@#.##.......
..).).)h.#.##....#
.#.#######.##....# #
#.).....# # #
####(.#.##.# #
#.......# #
#..#.########
####..#.##......
................


You could see a hound.

Vanquished Creatures
  2 adders (D:2)
  3 gnolls (D:4)
  A shadow imp (D:3)
  2 worms
  2 dart slugs (D:2)
  An orc (D:3)
  3 bats
  5 endoplasms
  2 giant cockroaches (D:1)
  6 goblins
  6 hobgoblins
  7 kobolds
  2 quokkas
  5 ball pythons
  6 frilled lizards
  9 rats
62 creatures vanquished.

Notes
Turn   | Place    | Note
-------+----------+-------------------------------------------
     0 | D:1      | 101zpm the Djinni Hedge Wizard began the quest for the Orb.
     0 | D:1      | Reached XP level 1. HP: 15/15 MP: 0/0
   427 | D:1      | Reached XP level 2. HP: 18/21 MP: 0/0
   908 | D:1      | Reached skill level 3 in Spellcasting
  1337 | D:2      | Reached XP level 3. HP: 18/25 MP: 0/0
  1337 | D:2      | Learned a level 1 spell: Animate Skeleton
  1447 | D:2      | Found a faded altar of an unknown god.
  1992 | D:2      | Reached XP level 4. HP: 28/31 MP: 0/0
  2718 | D:3      | Found a large runed translucent door.
  2719 | D:3      | Found a large runed translucent door.
  3226 | D:3      | Found a broken altar of Ashenzari.
  3567 | D:4      | Found a staircase to the Ecumenical Temple.
  3640 | D:4      | Reached XP level 5. HP: 31/35 MP: 0/0
  3640 | D:4      | Learned a level 2 spell: Searing Ray
  3644 | D:4      | Reached skill level 4 in Spellcasting
  3653 | D:4      | Slain by a hound

Illustrated notes

Levels and vault maps discovered:
D:1:      scummos_arrival_simple_fountains, layout_basic,
          minmay_splitting_lines, minmay_hedge_maze,
          chequers_serial_rivers_small_a, st_stairs_1, hex_medium
D:2:      layout_loops_ring, shapermc_ecumenical_altar_notcrosses,
          kennysheep_generic_room_8
D:3:      layout_rooms, jmf_multi_god_temple2, mainiacjoe_overflow_tiny_flanked,
          minivault_24, corexii_item_surrounded_by_moat,
          kennysheep_generic_room_12
D:4:      layout_loops_cross, minmay_temple_entry_wispy

Skill      XL: |  1  2  3  4  5 |
---------------+----------------+-----
Spellcasting   | 3 4 |  4.1
Stealth        | 2 |  2.1
Dodging        | |  2.3

Action                   |  1- 3 |  4- 6 || total
-------------------------+-------+-------++-------
 Cast: Magic Dart        |    67 |    94 ||   161
Armor: Robe              |     3 |     2 ||     5
Dodge: Dodged            |     8 |    10 ||    18
